 Dungeon Crawl Stone Soup version 0.24-a0-170-gd8427f5 (webtiles) character file.

Game seed: 8209183877285302657

32 tilp the Chopper (level 3, -2/29 HPs)
             Began as a Demonspawn Chaos Knight on Mar 11, 2019.
             Was a Plaything of Xom.
             Slain by an adder (5 damage)
             ... on level 2 of the Dungeon.
             The game lasted 00:03:55 (996 turns).

tilp the Chopper (Demonspawn Chaos Knight)           Turns: 996, Time: 00:03:55

Health: -2/29      AC:  5    Str: 18    XL:     3   Next: 10%
Magic:  3/3        EV: 11    Int: 13    God:    Xom [......]
Gold:   58         SH:  0    Dex: 12    Spells: 2/2 levels left

rFire    . . .     SeeInvis .   a - +0 hand axe (chaos)
rCold    . . .     Gourm    .   (no shield)
rNeg     . . .     Faith    .   b - +2 leather armour
rPois    .         Spirit   .   (helmet restricted)
rElec    .         Reflect  .   (no cloak)
rCorr    .         Harm     .   (no gloves)
MR       .....                  (no boots)
Stlth    +.........             (no amulet)
HPRegen  0.09/turn              (no ring)
MPRegen  0.08/turn              (no ring)

@: confused, mighty, lethally poisoned (-2 -> -9), flying
A: antennae 1
a: Renounce Religion


You were on level 2 of the Dungeon.
You worshipped Xom.
You were a very special plaything of Xom.
You were not hungry.

You visited 1 branch of the dungeon, and saw 2 of its levels.

You collected 58 gold pieces.

Inventory:

Hand Weapons
 a - a +0 hand axe of chaos (weapon)
Missiles
 g - 57 stones (quivered)
Armour
 b - a +2 leather armour (worn)
Scrolls
 d - a scroll of teleportation {unknown}
 f - 2 scrolls of amnesia {unknown}
 i - a scroll of remove curse {unknown}
 m - a scroll of identify {unknown}
Potions
 e - a potion of flight
 j - a potion of mutation {unknown}
 k - a potion of magic {unknown}
Comestibles
 c - 2 rations
 l - 5 chunks of flesh


   Skills:
 - Level 3.0 Fighting
 + Level 3.9 Axes
 - Level 1.7 Armour
 - Level 0.8 Dodging


You had 2 spell levels left.
You didn't know any spells.
Your spell library was empty.

Dungeon Overview and Level Annotations

Branches:
Dungeon (2/15)

Altars:
Ashenzari


Innate Abilities, Weirdness & Mutations

You have a pair of small antennae on your head.


Message History

Unknown command.
You miss something. "Heh heh heh..."
You are confused.
Something bites you but does no damage. Something bites you.
* * * LOW HITPOINT WARNING * * *
You are lethally poisoned!
Something poisons you!
It was a potion of flight.
You feel very buoyant.
You fly up into the air.
Xom thinks this is hilarious!
* * * LOW HITPOINT WARNING * * *
You feel sick. The adder barely misses you. Something bites you.
* * * LOW HITPOINT WARNING * * *
It was a potion of might.
You feel very mighty all of a sudden.
Xom thinks this is hilarious!
The adder barely misses you. Something bites you.
You die...

###### #....#
#....# #....#
##### #....#
......###....#
......#......#####
......S@§........#
......{†#....##.##
#...##.##....##.#
..# #. #....##.# .
#. #######.# #.
###..# #. #...##
##.. #.### ....#
#.#


You could see an adder.

Vanquished Creatures
  An ooze (D:1)
  A leopard gecko (D:2)
  3 giant cockroaches
  A goblin (D:1)
  2 hobgoblins
  2 jackals (D:1)
  A ball python (D:2)
  6 bats
  A frilled lizard (D:1)
  6 kobolds
  4 rats
28 creatures vanquished.

Notes
Turn   | Place    | Note
-------+----------+-------------------------------------------
     0 | D:1      | tilp the Demonspawn Chaos Knight began the quest for the
                  | Orb.
     0 | D:1      | Reached XP level 1. HP: 18/18 MP: 1/1
    87 | D:1      | XOM: harmless Erth miscast
    91 | D:1      | Gained mutation: You have a pair of small antennae on your
                  | head. [demonic ancestry]
    91 | D:1      | Reached XP level 2. HP: 24/24 MP: 2/2
   418 | D:1      | XOM: noise
   942 | D:2      | Found a shattered altar of Ashenzari.
   948 | D:2      | XOM: cloud trail
   980 | D:2      | Reached XP level 3. HP: 21/29 MP: 3/3
   991 | D:2      | XOM: enchant monster (bad)
   994 | D:2      | XOM: confusion
   996 | D:2      | Slain by an adder

Levels and vault maps discovered:
D:1:      mushboom_english_gardens, layout_loops_corners, minmay_door_square
D:2:      layout_rooms, ashenzari_altar_1, minivault_26, minmay_tetromino_l4

Skill      XL: |  1 |
---------------+----+-----
Axes           | 3 |  3.9
Fighting       | |  3.0
Armour         | |  1.7
Dodging        | |  0.8

Action                   || total
-------------------------++-------
Melee: Hand axe          ||    81
  Use: Potion            ||     2
Armor: Leather armour    ||    36
Dodge: Dodged            ||    58

Table legend:
 A = Non-vault XP
 B = Vault XP
 C = Vault XP percentage of total XP
 D = Non-vault monster count
 E = Vault monster count
 F = Vault count percentage of total count
                 A         B        C        D         E       F
            +---------+---------+-------+---------+---------+-------
      Total |      47 |       0 |   0.0 |      28 |       0 |   0.0
            +---------+---------+-------+---------+---------+-------
        D:1 |      33 |       0 |   0.0 |      19 |       0 |   0.0
        D:2 |      14 |       0 |   0.0 |       9 |       0 |   0.0
            +---------+---------+-------+---------+---------+-------
